 Dungeon Crawl Stone Soup version 0.30.1-11-g7821555f0a (webtiles) character file.

Game seed: 16986978239968500323

1297 Groucho the Vexing (level 8, -4/61 HPs)
             Began as a Gnoll Hexslinger on Nov 9, 2023.
             Slain by an ogre
             ... wielding a +0 giant spiked club
              (26 damage)
             ... on level 6 of the Dungeon.
             The game lasted 00:15:34 (10175 turns).

Groucho the Vexing (Gnoll Hexslinger)              Turns: 10175, Time: 00:15:34

Health: -4/61      AC:  5    Str: 10    XL:     8   Next: 56%
Magic:  14/14      EV: 19    Int: 14    God:
Gold:   286        SH:  0    Dex: 13    Spells: 5/16 levels left

rFire   . . .        y - +9 dagger of Responsibility {spect, rC+ Stlth+}
rCold   + . .        (no shield)
rNeg    . . .        c - +0 robe
rPois   .            D - +2 hat
rElec   .            u - +0 cloak
rCorr   .            (no gloves)
SInv    .            (no boots)
Will    .....        (no amulet)
Stlth   +++          w - +5 ring of evasion
HPRegen 0.30/turn    (no ring)
MPRegen 0.14/turn

%: no passive effects
@: no status effects
A: fangs 1, strong nose, distributed training
a: no special abilities


You were on level 6 of the Dungeon.
You visited 2 branches of the dungeon, and saw 8 of its levels.
You also visited: Ossuary.

You collected 286 gold pieces.

Inventory:

Hand Weapons
 a - a +1 sling
 y - the +9 dagger of Responsibility (weapon) {spect, rC+ Stlth+}
   (You found it on level 4 of the Dungeon)

   rC:        It protects you from cold.
   Stlth:     It makes you more stealthy.
 G - a +0 shortbow
Missiles
 o - 3 poisoned darts
Armour
 c - a +0 robe (worn)
 n - a +0 buckler
 u - a +0 cloak (worn)
 D - a +2 hat (worn)
Jewellery
 w - a +5 ring of evasion (left hand)
 z - an amulet of the acrobat
Wands
 v - a wand of digging (5)
 x - a wand of iceblast (14)
Scrolls
 b - a scroll of poison
 d - 15 scrolls of identify {unknown}
 g - a scroll of noise {unknown}
 h - a scroll of enchant weapon {unknown}
 i - 2 scrolls of teleportation {unknown}
 j - a scroll of vulnerability {unknown}
 m - a scroll of fog {unknown}
 p - a scroll of enchant armour {unknown}
 q - 2 scrolls of fear {unknown}
 t - 3 scrolls of immolation {unknown}
 A - 4 scrolls of amnesia {unknown}
 E - a scroll of silence {unknown}
 I - a scroll of acquirement {unknown}
Potions
 e - 5 potions of brilliance {unknown}
 f - 4 potions of invisibility
 k - 3 potions of heal wounds {unknown}
 l - 2 potions of berserk rage {unknown}
 r - a potion of resistance {unknown}
 s - 3 potions of curing
 B - a potion of haste {unknown}
 C - a potion of mutation {unknown}
 F - a potion of ambrosia {unknown}
 H - a potion of flight {unknown}


   Skills:
 + Level 4.4 Fighting
 + Level 3.5 Short Blades
 + Level 3.5 Long Blades
 + Level 3.5 Axes
 + Level 3.5 Maces & Flails
 + Level 3.5 Polearms
 + Level 3.5 Staves
 + Level 5.8 Ranged Weapons
 + Level 3.5 Throwing
 + Level 3.5 Armour
 + Level 5.8 Dodging
 + Level 3.5 Stealth
 + Level 3.5 Shields
 + Level 3.5 Unarmed Combat
 + Level 4.5 Spellcasting
 + Level 2.9 Conjurations
 + Level 6.2 Hexes
 + Level 2.9 Summonings
 + Level 2.9 Necromancy
 + Level 2.9 Translocations
 + Level 2.9 Transmutations
 + Level 2.9 Fire Magic
 + Level 2.9 Ice Magic
 + Level 2.9 Air Magic
 + Level 2.9 Earth Magic
 + Level 2.9 Poison Magic
 + Level 3.9 Invocations
 + Level 3.5 Evocations


You had 5 spell levels left.
You knew the following spells:

 Your Spells              Type           Power      Damage    Failure   Level
a - Slow                  Hex            80%        N/A       1%          1
b - Portal Projectile     Hex/Tloc       32%        N/A       9%          3
c - Cause Fear            Hex            10%        N/A       14%         4
d - Ignite Poison         Fire/Tmut/Pois 11%        N/A       17%         3

Your spell library contained the following spells:

 Spells                   Type           Power      Damage    Failure   Level
 Cigotuvi's Dreadful Rot  Necr/Pois/Air  22%        N/A       9%          2
 Searing Ray              Conj           22%        2d5       9%          2
 Inner Flame              Hex/Fire       16%        N/A       9%          3
 Yara's Violent Unravell  Hex/Tmut       8%         3d5       61%         5
 Freezing Cloud           Conj/Ice/Air   5%         6-21      83%         5
 Conjure Ball Lightning   Conj/Air       5%         3x3d6     100%        6
 Enfeeble                 Hex            10%        N/A       100%        7
 Lehudib's Crystal Spear  Conj/Erth      5%         10d3      100%        8


Dungeon Overview and Level Annotations

Branches:
Dungeon (7/15)             Temple (1/1) D:6         Ossuary (visited)

Altars:
Cheibriados
Dithmenos
Elyvilon
Fedhas
Hepliaklqana
Kikubaaqudgha
Makhleb
Nemelex Xobeh
Okawaru
Qazlal
Uskayaw
Vehumet
Wu Jian
Xom
Yredelemnul
Zin
The Shining One

Annotations:
D:3 2 transporters, Natasha; TET's ghost, amateur HOMo
D:4 3 runed translucent doors, zxspectator's ghost, amateur GrFi
D:6 1 runed translucent door, chuckiee3's ghost, novice MiGl


Innate Abilities, Weirdness & Mutations

You have very sharp teeth.
Your uncanny sense of smell can sniff out nearby items.
Your experience applies equally to all skills.


Message History

The hound closely misses you. The orc barely misses you.
The ogre completely misses you. The hound bites you.
You climb upwards.
Level annotation: 1 runed translucent door, chuckiee3's ghost, novice MiGl
There is a stone staircase leading down here.
Unknown command.
Unknown command.
The ogre attacks as you move away!
The ogre hits you with a +0 giant spiked club!
The hound barely misses you. The orc misses you.
The orc attacks as you move away! The orc barely misses you.
The hound bites you but does no damage.
You barely miss the hound.
The hound bites you but does no damage. x2
You closely miss the hound. Your bite misses the hound.
The hound completely misses you.
You puncture the hound! Your punch misses the hound.
Your bite misses the hound.
The hound is severely wounded.
The hound bites you.
You closely miss the hound.
The hound is severely wounded.
The hound bites you.
You hit the hound.
You kill the hound!
You puncture the ogre!
The ogre is moderately wounded.
The ogre hits you with a +0 giant spiked club!
You are too injured to fight recklessly!
You are too injured to fight recklessly!
You are too injured to fight recklessly!
You puncture the ogre!
The ogre is severely wounded.
Your +9 dagger of Responsibility {spect, rC+ Stlth+} hits the ogre.
The ogre hits your +9 dagger of Responsibility {spect, rC+ Stlth+} with a +0 giant spiked club!!
Your spectral weapon shares its damage with you!
* * * LOW HITPOINT WARNING * * *
You feel better.
Your +9 dagger of Responsibility {spect, rC+ Stlth+} disappears.
The ogre hits you with a +0 giant spiked club!!
You die...

...############)##..#.#..........
#### #........>)...........[...
### #.#######.#.##.#..........
..# #.#.....#†#.##.###########
#.# #.#.###.#.#.##.# #.# #.#.#
#.#.#.##.# #.# #.#.# #.#o#.##.#
#.# #.#.###.#O#.##.# #.#
#.#......@.)##.#
..######.#####.#.####.#
#.#......#<....#.# #.#
###.############.# #.#
.................# #.#
###.#################.#
#.#.....#.............#
#.#.###.#.#############
#.#####.#.#######################


You could see an ogre and an orc.

Vanquished Creatures
  A water moccasin (D:6)
  An ice beast (D:6)
  An ogre (D:4)
  A centaur (D:5)
  3 phantoms
  2 scorpions (D:6)
  2 bullfrogs (D:6)
  3 hounds
  A gnoll bouda (D:5)
  3 iguanas (D:6)
  A sleepcap (D:6)
  An orc wizard (D:6)
  A mummy (D:4)
  Robin (D:3)
  5 adders
  4 gnolls (D:5)
  A white imp (D:6)
  3 dart slugs
  10 orcs
  2 endoplasms
  4 giant cockroaches (D:2)
  12 hobgoblins
  6 jackals
  9 ball pythons
  6 bats
  2 frilled lizards
  10 goblins
  9 kobolds
  2 rats
107 creatures vanquished.

Notes
Turn   | Place    | Note
-------+----------+-------------------------------------------
     0 | D:1      | Groucho the Gnoll Hexslinger began the quest for the Orb.
     0 | D:1      | Reached XP level 1. HP: 17/17 MP: 4/4
     6 | D:1      | Noticed a salamander
     6 | D:1      | Noticed a five-headed hydra
     6 | D:1      | Noticed a hound
     7 | D:1      | Noticed an iguana
   110 | D:1      | Found a faded altar of an unknown god.
   134 | D:1      | Reached XP level 2. HP: 23/23 MP: 5/5
   742 | D:2      | Reached XP level 3. HP: 12/28 MP: 7/7
  2048 | D:2      | Reached skill level 1 in Invocations
  2459 | D:2      | Reached skill level 1 in Short Blades
  2459 | D:2      | Reached skill level 1 in Long Blades
  2459 | D:2      | Reached skill level 1 in Axes
  2459 | D:2      | Reached skill level 1 in Maces & Flails
  2459 | D:2      | Reached skill level 1 in Polearms
  2459 | D:2      | Reached skill level 1 in Staves
  2459 | D:2      | Reached skill level 1 in Throwing
  2459 | D:2      | Reached skill level 1 in Armour
  2459 | D:2      | Reached skill level 1 in Stealth
  2459 | D:2      | Reached skill level 1 in Shields
  2459 | D:2      | Reached skill level 1 in Unarmed Combat
  2459 | D:2      | Reached skill level 1 in Evocations
  2795 | D:2      | Reached XP level 4. HP: 34/34 MP: 8/8
  2999 | D:3      | Found a glowing silver altar of Zin.
  3010 | D:3      | Identified the +0 scale mail of the Poles {Regen+}
  3010 | D:3      | Noticed a gnoll sergeant
  3034 | D:3      | Found a transporter.
  3040 | D:3      | Found a transporter.
  3049 | D:3      | Noticed TET's ghost (amateur HOMo)
  3120 | D:3      | Found a hazy altar of Hepliaklqana.
  3122 | D:3      | Found a blossoming altar of Fedhas.
  3384 | D:3      | Noticed a phantom
  3434 | D:3      | Killed a phantom
  3435 | D:3      | Reached skill level 1 in Conjurations
  3435 | D:3      | Reached skill level 1 in Summonings
  3435 | D:3      | Reached skill level 1 in Necromancy
  3435 | D:3      | Reached skill level 1 in Translocations
  3435 | D:3      | Reached skill level 1 in Transmutations
  3435 | D:3      | Reached skill level 1 in Fire Magic
  3435 | D:3      | Reached skill level 1 in Ice Magic
  3435 | D:3      | Reached skill level 1 in Air Magic
  3435 | D:3      | Reached skill level 1 in Earth Magic
  3435 | D:3      | Reached skill level 1 in Poison Magic
  3435 | D:3      | Reached XP level 5. HP: 15/41 MP: 7/9
  4038 | D:3      | Learned a level 3 spell: Portal Projectile
  4043 | D:3      | Learned a level 4 spell: Cause Fear
  4159 | D:3      | Noticed Robin
  4192 | D:3      | Killed Robin
  4255 | D:3      | Noticed Natasha
  4517 | D:4      | Noticed a phantom
  4518 | D:4      | Found a shimmering altar of Xom.
  4518 | D:4      | Found a shimmering altar of Xom.
  4518 | D:4      | Found a shimmering altar of Xom.
  4518 | D:4      | Found a shimmering altar of Xom.
  4518 | D:4      | Found a shimmering altar of Xom.
  4518 | D:4      | Found a shimmering altar of Xom.
  4552 | D:4      | Identified the +9 dagger of Responsibility {spect, rC+
                  | Stlth+}
  4771 | D:4      | Reached XP level 6. HP: 45/47 MP: 9/11
  4775 | D:4      | Learned a level 3 spell: Ignite Poison
  4884 | D:4      | Found a sand-covered staircase.
  4896 | D:4      | Reached skill level 5 in Ranged Weapons
  4896 | D:4      | Reached skill level 5 in Dodging
  4904 | Ossuary  | Entered an ossuary
  5028 | D:4      | Found an ancient bone altar of Kikubaaqudgha.
  5028 | D:4      | Found an ornate altar of the Wu Jian Council.
  5066 | D:4      | Found a sparkling altar of Nemelex Xobeh.
  5066 | D:4      | Found a shadowy altar of Dithmenos.
  5082 | D:4      | Found a runed translucent gate.
  5082 | D:4      | Found a runed translucent gate.
  5082 | D:4      | Noticed zxspectator's ghost (amateur GrFi)
  5083 | D:4      | Found a runed translucent gate.
  5887 | D:5      | Entered Level 5 of the Dungeon
  5979 | D:5      | Reached XP level 7. HP: 40/52 MP: 1/12
  7701 | D:6      | Got the Folio of the Salvo
  7756 | D:6      | Reached skill level 6 in Hexes
  7867 | D:6      | Reached XP level 8. HP: 60/60 MP: 14/14
  8839 | D:6      | Found a staircase to the Ecumenical Temple.
  8856 | Temple   | Entered the Ecumenical Temple
  9122 | D:6      | Noticed chuckiee3's ghost (novice MiGl)
  9123 | D:6      | Found a runed translucent door.
 10175 | D:6      | Slain by an ogre

Illustrated notes

Levels and vault maps discovered:
D:1:      onia_arrival_zoo_common, layout_basic, ebering_ecumenical_altar_box,
          minmay_tromino_mix6
D:2:      layout_basic
D:3:      layout_loops_cross, zin_statuary, nicolae_overflow_squiral,
          gammafunk_ghost_gnarly_gnolls, uniq_natasha, uniq_robin
D:4:      layout_basic, xom_redecorated, grunt_temple_overflow_open,
          gup_ossuary_entry_pyramid, gammafunk_ghost_nasty_kobolds
D:5:      layout_basic, kennysheep_path_1
D:6:      layout_basic, minmay_temple_entry_sparse_star,
          hellmonk_ghost_happy_afterlife
D:7:      minmay_the_grid_plus [minmay_the_grid_minigrid_small_alt,
          minmay_the_grid_odd_star, minmay_the_grid_holed_spiral,
          minmay_the_grid_doors, minmay_the_grid_prize_trominoes],
          layout_cave_pools, enter_bailey_2, uniq_pikel
Temple:   chequers_temple_sunken

Skill      XL: |  1  2  3  4  5  6  7 |
---------------+----------------------+-----
Invocations    | 1 2 3 |  3.9
Short Blades   | 1 2 3 |  3.5
Long Blades    | 1 2 3 |  3.5
Axes           | 1 2 3 |  3.5
Maces & Flails | 1 2 3 |  3.5
Polearms       | 1 2 3 |  3.5
Staves         | 1 2 3 |  3.5
Throwing       | 1 2 3 |  3.5
Armour         | 1 2 3 |  3.5
Stealth        | 1 2 3 |  3.5
Shields        | 1 2 3 |  3.5
Unarmed Combat | 1 2 3 |  3.5
Evocations     | 1 2 3 |  3.5
Spellcasting   | 3 4 |  4.5
Fighting       | 3 4 |  4.4
Conjurations   | 1 2 |  2.9
Summonings     | 1 2 |  2.9
Necromancy     | 1 2 |  2.9
Translocations | 1 2 |  2.9
Transmutations | 1 2 |  2.9
Fire Magic     | 1 2 |  2.9
Ice Magic      | 1 2 |  2.9
Air Magic      | 1 2 |  2.9
Earth Magic    | 1 2 |  2.9
Poison Magic   | 1 2 |  2.9
Ranged Weapons | 5 |  5.8
Dodging        | 5 |  5.8
Hexes          | 6 |  6.2

Action                     |  1- 3 |  4- 6 |  7- 9 || total
---------------------------+-------+-------+-------++-------
  Melee: Dagger            |       |     2 |    73 ||    75
         Bite              |       |     2 |     9 ||    11
         Punch             |       |       |     2 ||     2
   Fire: Sling             |    97 |   235 |    23 ||   355
         Shortbow          |       |       |    14 ||    14
  Throw: Dart              |     3 |       |       ||     3
   Cast: Slow              |     3 |    16 |     3 ||    22
         Cause Fear        |       |     4 |     5 ||     9
    Use: Potion            |       |       |     2 ||     2
   Stab: Sleeping          |       |       |     4 ||     4
         Distracted        |       |       |     1 ||     1
         Invisible         |       |       |     1 ||     1
 Armour: Robe              |     7 |    22 |    14 ||    43
  Dodge: Dodged            |    16 |   166 |    81 ||   263
  Block: Buckler           |     4 |    46 |       ||    50
